 Dungeon Crawl Stone Soup version 0.29-a0-1047-g7c58e119a4 (webtiles) character file.

Game seed: 10128228400025648492

288784 Zeldest the Stormcaller (level 22, 0/200 HPs)
             Began as a Meteoran Summoner on Aug 16, 2022.
             Was the Champion of Cheibriados.
             Slain by a fire giant
             ... wielding a +2 great sword of flaming
              (1 damage)
             ... on level 5 of the Vaults.
             The game lasted 02:54:40 (13715 turns).

Zeldest the Stormcaller (Meteoran Summoner)        Turns: 13715, Time: 02:54:41

Health: 0/200      AC: 25    Str: 30    XL:     22   Next: 55%
Magic:  10/39      EV: 20    Int: 49    God:    Cheibriados [******]
Gold:   1298       SH:  0    Dex: 28    Spells: 3/45 levels left

rFire   + . .      SeeInvis +   a - +9 rapier "Xovabeif" {venom, rPois rF+ rN+}
rCold   . . .      Faith    .   (no shield)
rNeg    + + .      Spirit   .   s - +2 pearl dragon scales
rPois   +          Reflect  .   w - +2 hat {SInv}
rElec   +          Harm     .   p - +2 cloak {rF+}
rCorr   +          Rampage  .   D - +0 pair of gloves "Ziamu" {Int+6 Dex-2}
Will    +++..                   Y - +0 pair of boots "Ryckuynai" {rElec rC- rCorr Stlth-}
Stlth   ..........              f - amulet of the acrobat
HPRegen 0.43/turn               V - ring "Verajaum" {Ice Str+4}
MPRegen 0.26/turn               E - ring of willpower

@: glowing, very slow
A: sense surroundings 3, otherworldly, glowing, explore regen
}: 2/15 runes: serpentine, barnacled
a: Renounce Religion, Bend Time, Temporal Distortion, Slouch, Step From Time


You were on level 5 of the Vaults.
You worshipped Cheibriados.
Cheibriados was exalted by your worship.
You visited 7 branches of the dungeon, and saw 36 of its levels.
You visited 1 bazaar.
You also visited: Gauntlet, Ice Cave and Volcano.

You collected 2379 gold pieces.
You spent 1081 gold pieces at shops.

Inventory:

Hand Weapons
 a - the +9 rapier "Xovabeif" (weapon) {venom, rPois rF+ rN+}
   (You found it on level 2 of the Dungeon)

   It poisons the flesh of those it strikes.
   rF:        It protects you from fire.
   rPois:     It protects you from poison.
   rN:        It protects you from negative energy.
 b - the +7 short sword of Diaris {freeze, rElec rC+ Str+4 Stlth+}
   (You found it on level 3 of the Dungeon)

   It freezes those it strikes, dealing additional cold damage.
   It can also slow down cold-blooded creatures.
   Str:       It affects your strength (+4).
   rC:        It protects you from cold.
   rElec:     It insulates you from electricity.
   Stlth:     It makes you more stealthy.
 o - a +2 broad axe of flaming
Armour
 p - a +2 cloak of fire resistance (worn)
 s - +2 pearl dragon scales (worn)
 w - a +2 hat of see invisible (worn)
 D - the +0 pair of gloves "Ziamu" (worn) {Int+6 Dex-2}
   (You found it in a Gauntlet)

   Int:       It affects your intelligence (+6).
   Dex:       It affects your dexterity (-2).
 M - the +4 scale mail of Amelioration {+Blink rF+ Str-3 Int+4}
   (You found it on level 5 of the Lair of Beasts)

   Str:       It affects your strength (-3).
   Int:       It affects your intelligence (+4).
   rF:        It protects you from fire.
   +Blink:    It lets you blink.
 R - a +1 troll leather armour {Snorg}
 Y - the +0 pair of boots "Ryckuynai" (worn) {rElec rC- rCorr Stlth-}
   (You bought it in a shop on level 2 of the Orcish Mines)

   rC:        It makes you vulnerable to cold.
   rElec:     It insulates you from electricity.
   rCorr:     It protects you from acid and corrosion.
   Stlth:     It makes you less stealthy.
Jewellery
 f - an amulet of the acrobat (around neck)
 h - a ring of resist corrosion
 E - a ring of willpower (right hand)
 G - a ring of flight
 H - an amulet of magic regeneration
 K - the ring "Cuirupt" {rF+ MP+9}
   (You found it in a Gauntlet)

   [ring of magical power]

   rF:        It protects you from fire.
   MP:        It affects your magic capacity (+9).
 P - a ring of wizardry
 V - the ring "Verajaum" (left hand) {Ice Str+4}
   (You found it in an ice cave)

   [ring of ice]

   It enhances your ice magic.
   Str:       It affects your strength (+4).
   rF:        It makes you vulnerable to fire.
   rC:        It protects you from cold.
Wands
 e - a wand of polymorph (10)
 m - a wand of iceblast (3)
 z - a wand of digging (5)
 F - a wand of flame (31)
 Q - a wand of charming (11)
Scrolls
 c - 3 scrolls of enchant weapon
 l - a scroll of vulnerability
 n - 3 scrolls of magic mapping
 r - 2 scrolls of immolation
 t - 3 scrolls of butterflies
 y - 3 scrolls of fear
 B - a scroll of torment
 N - a scroll of poison
 U - a scroll of silence
 X - a scroll of brand weapon
Potions
 d - 3 potions of cancellation
 g - 3 potions of might
 i - 3 potions of lignification
 q - 2 potions of mutation
 v - a potion of magic
 A - 3 potions of curing
 I - a potion of brilliance
Miscellaneous
 J - a phantom mirror (inert)
 L - a box of beasts (inert)


   Skills:
 + Level 17.4 Fighting
 - Level 14.0 Short Blades
 + Level 10.3 Armour
 + Level 10.3 Dodging
 - Level 1.4 Stealth
 - Level 5.0 Shields
 - Level 12.0 Spellcasting
 - Level 8.0 Conjurations
 * Level 13.8 Summonings
 - Level 3.6 Translocations
 - Level 10.0 Transmutations
 + Level 17.4 Air Magic
 - Level 10.0 Poison Magic
 - Level 15.0 Invocations
 - Level 5.0 Evocations


You had 3 spell levels left.
You knew the following spells:

 Your Spells              Type           Power      Damage    Failure   Level
a - Maxwell's Capacitive  Air            58%        ∞         9%          8
b - Blink                 Tloc           100%       N/A       1%          2
c - Call Canine Familiar  Summ           100%       N/A       0%          3
d - Summon Guardian Gole  Hex/Summ       77%        N/A       1%          3
e - Summon Lightning Spi  Summ/Air       100%       N/A       1%          4
f - Lightning Bolt        Conj/Air       50%        1d71      1%          5
g - Summon Forest         Summ/Tloc      43%        N/A       1%          5
h - Eringya's Noxious Bo  Tmut/Pois      45%        N/A       4%          6
i - Conjure Ball Lightni  Conj/Air       50%        3x3d17    1%          6

Your spell library contained the following spells:

 Spells                   Type           Power      Damage    Failure   Level
 Summon Small Mammal      Summ           100%       N/A       0%          1
 Call Imp                 Summ           100%       N/A       0%          2
 Foxfire                  Conj/Fire      100%       2x1d9     1%          1
 Magic Dart               Conj           100%       1d8       1%          1
 Slow                     Hex            100%       N/A       1%          1
 Searing Ray              Conj           100%       2d8       1%          2
 Conjure Flame            Conj/Fire      62%        6-21      1%          3
 Confusing Touch          Hex            29%        N/A       4%          3
 Inner Flame              Hex/Fire       29%        N/A       4%          3
 Vampiric Draining        Necr           29%        2d8       4%          3
 Airstrike                Air            58%        2d(9-25)  0%          4
 Iskenderun's Battlesphe  Conj           82%        2d13      1%          5
 Flame Wave               Conj/Fire      62%        2d14      3%          4
 Fulminant Prism          Conj/Hex       31%        3d16      3%          4
 Storm Form               Tmut/Air       52%        N/A       4%          7
 Summon Hydra             Summ           52%        N/A       4%          7
 Fireball                 Conj/Fire      31%        3d13      9%          5
 Manifold Assault         Tloc           60%        N/A       10%         5
 Cause Fear               Hex            14%        N/A       16%         4
 Dragon Form              Tmut           45%        N/A       22%         7
 Orb of Destruction       Conj           41%        9d11      45%         7
 Dragon's Call            Summ           52%        N/A       99%         9


Dungeon Overview and Level Annotations

Branches:
Dungeon (15/15) Zot: 2923  Temple (1/1) D:6 Zot: 825    Lair (5/5) D:8 Zot: 808
 Shoals (4/4) Lair:3 Zot: 2065   Snake (4/4) Lair:3 Zot: 1936   Slime (0/5) Lair:4
    Orc (2/2) D:11 Zot: 996     Elf (0/3) Orc:2        Vaults (5/5) D:13 Zot: 2162
 Depths (0/4) D:15          IceCv (visited)         Volcano (visited)
Gauntlet (visited)
  Crypt: Vaults:2-3

Altars:
Ashenzari
Cheibriados
Dithmenos
Elyvilon
Fedhas
Gozag
Hepliaklqana
Kikubaaqudgha
Makhleb
Nemelex Xobeh
Okawaru
Qazlal
Ru
Sif Muna
Trog
Uskayaw
Vehumet
Wu Jian
Xom
Zin
The Shining One
Jiyva

Shops:
D:7 *   D:15 [   Orc:2 [*(=   Snake:2 *   Vaults:2 (

Annotations:
D:6 3 runed translucent doors, Heh's ghost, novice OpFi
D:7 2 transporters
D:8 2 transporters, hgbash's ghost, novice MiBe
D:10 2 runed translucent doors
D:11 1 runed translucent door, ytrimaz's ghost, journeyman DsTm
D:15 1 runed translucent door, Nude's ghost, adept DEFE
Lair:5 exclusion: obsidian statue
Snake:4 Vashnia
Vaults:2 2 transporters, howech's ghost, veteran MiGl
Vaults:5 Jory


Innate Abilities, Weirdness & Mutations

You passively map a large area around you.
You are easily found by Zot.
You glow in the dark.
You regain HP and MP as you explore.


Message History

The hell knight prays to its god.
The hell knight blinks!
The deep elf high priest mumbles some strange prayers to its god.
The deep elf high priest begins emitting a brilliant aura!
The titan is empowered by the deep elf high priest's aura!
The frost giant is empowered by the deep elf high priest's aura!
You hit the hell knight.
The hell knight is heavily wounded.
The hell knight barely misses you. The frost giant casts a spell at you.
The bolt of cold hits you!!!
* * * LOW HITPOINT WARNING * * *
You puncture the hell knight!
The hell knight is poisoned.
The hell knight is heavily wounded.
The hell knight hits you but does no damage.
Okay, then.
Okay, then.
The hell knight attacks as you move away!
The hell knight closely misses you.
The hell knight calls down the wrath of its god upon you.
The bolt of fire hits you! You resist.
* * * LOW HITPOINT WARNING * * *
The deep elf annihilator casts a spell.
The deep elf annihilator blinks!
The fire giant hits you with a +2 great sword of flaming!
* * * LOW HITPOINT WARNING * * *
The fire giant burns you.
* * * LOW HITPOINT WARNING * * *
The hell knight calls down the wrath of its god upon you.
The bolt of fire hits you but does no damage.
The bolt of fire hits the fire giant.
The fire giant resists.
Casting: Conjure Ball Lightning (mildly dangerous; 1% risk of failure)
Confirm with . or Enter, or press ? or * to list all spells.
You begin accumulating electric charge. (Press Numpad 5 to continue charging.)
You feel charge building up... The hell knight completely misses you.
The fire giant hits you with a +2 great sword of flaming!
* * * LOW HITPOINT WARNING * * *
The fire giant burns you.
You die...

,,,#.#.........)|)..^..),,.#,*,,*
,,,#...##.##..##e##..##.**..,*,,*
,,,#.#.##.##..##.#*,,*#.*#.#.#,,*
,,,#..p.......##.##,,,G.,V...#,,*
,,,#.#.##.##..#.W.#,,*#.*#.#.#,,*
,,,#..X##)##..#.).#,,*#|*#...#,,*
,,,#.#W##.##.e#CC.#..##.##.#.#,,*
,,,#p.pH......##p##.......X..#,,*
,,,#.#.##.##..*#@##..##.##D#.#,,*
,,,#.HV##.##,,*#C#*..##.##...#,,*
,,,#.#...:.,,,,...,....$...#.#,,*
,,,#...##.#*,,##.##..##.##.p.#,,*
,,,#.#.##.##..##.#*,,*#.*#.#.#,,*
,,,#..............,,,,..,....#,,*
...#.#.#.#.#.#.#.#,*,*.#,#.#.#,,*
..................,,,,,,,.....,,*
.....###########*********###..,,*


You could see a titan (empowered), a frost giant (empowered), a fire giant, a
hell knight (fast, very poisoned), a deep elf high priest (brilliance aura) and
a freezing wraith.

Vanquished Creatures
  A dread lich (Vaults:5)
  Saint Roka (Snake:4)
  A golden dragon (Vaults:5)
  The ghost of Hygavy the Brawler, an adept TrMo of Trog (Shoals:1)
  2 quicksilver dragons (Vaults:5)
  A sphinx (Vaults:5)
  A shadow dragon (Vaults:5)
  5 nagarajas
  5 vault wardens
  A frost giant (Vaults:4)
  3 ironbound preservers
  3 war gargoyles
  3 very ugly things
  A quicksilver ooze (IceCv)
  2 stone giants
  2 deep elf demonologists
  2 deep elf annihilators (Vaults:5)
  Nessos (D:14)
  An entropy weaver (Vaults:3)
  A dire elephant (Lair:5)
  A crystal guardian (Vaults:2)
  An ettin (Vaults:5)
  A merfolk impaler (Shoals:1)
  A great orb of eyes (Vaults:1)
  3 yaktaur captains
  6 boulder beetles
  2 hydras
  2 merfolk avatars (Shoals:4)
  27 vault guards
  A catoblepas (Lair:1)
  5 ironbound frosthearts
  An anaconda (Snake:2)
  An ogre mage (Vaults:4)
  2 centaur warriors
  3 two-headed ogres
  A naga warrior (Snake:4)
  A deep troll earth mage (Vaults:5)
  2 death yaks (Shoals:2)
  A merfolk aquamancer (Shoals:1)
  An orc high priest (Orc:2)
  A naga sharpshooter (Snake:4)
  3 shock serpents
  3 salamander mystics (Snake:4)
  Amaemon (D:9)
  4 sea snakes
  An orange crystal statue (D:10)
  A naga ritualist (Snake:3)
  2 harpies (Shoals:1)
  2 deep elf pyromancers (D:15)
  2 orc knights
  3 wizards (Vaults:4)
  A phantasmal warrior (Vaults:5)
  5 ironbound convokers
  A necromancer (Vaults:5)
  5 mana vipers
  14 ugly things
  2 manticores
  3 moths of wrath
  2 fauns
  A mana viper (shapeshifter) (Vaults:4)
  A salamander (Snake:2)
  2 cyclopes
  A water nymph (Shoals:2)
  2 elephants (Lair:4)
  2 naga magi
  3 vault sentinels
  A centaur zombie (D:15)
  4 guardian serpents
  An ice statue (IceCv)
  17 black mambas
  A minotaur zombie (Gauntlet)
  2 torpor snails
  An unseen horror (D:11)
  6 cane toads
  A smoke demon (D:13)
  2 rime drakes
  A dire elephant skeleton (Lair:5)
  An orange demon (D:9)
  4 komodo dragons
  A tengu conjurer (D:15)
  10 yaktaurs
  7 merfolk
  4 trolls
  A blink frog (shapeshifter) (D:15)
  14 blink frogs
  8 dream sheep
  3 slime creatures
  2 snapping turtles
  A human (D:7)
  2 basilisks
  12 yaks
  2 vampire mosquitoes
  A redback (Vaults:3)
  7 nagas
  An acid dragon (D:9)
  8 water moccasins
  7 orc warriors
  An ice beast (D:6)
  A swamp drake (D:11)
  A great orb of eyes simulacrum (IceCv)
  5 ogres
  3 centaurs
  15 wolves
  A phantom (D:7)
  A kobold brigand (D:7)
  2 bullfrogs
  3 scorpions
  A gnoll sergeant (D:11)
  A two-headed ogre simulacrum (D:11)
  A wight (D:9)
  An elephant simulacrum (Lair:5)
  4 killer bees (D:9)
  2 howler monkeys
  2 jellies (Lair:4)
  8 orc priests
  2 hounds
  10 orc wizards
  A shapeshifter simulacrum (IceCv)
  A spriggan simulacrum (D:11)
  A troll simulacrum (D:11)
  4 gnolls
  2 adders
  A shadow imp (D:5)
  2 dart slugs
  19 orcs
  5 ball pythons
  2 endoplasms (D:1)
  6 goblins
  2 hobgoblins
  A jackal (D:4)
  A quokka (D:1)
  3 bats
  A frilled lizard (D:1)
  12 kobolds
  A rat (D:3)
  A tentacle (Shoals:1)
433 creatures vanquished.

Vanquished Creatures (collateral kills)
  A bone dragon (Vaults:2)
  A sphinx (Vaults:5)
  Polyphemus (Shoals:2)
  A storm dragon (Vaults:5)
  2 nagarajas (Snake:4)
  2 azure jellies (IceCv)
  A vault warden (Vaults:4)
  An orc warlord (Orc:2)
  A war gargoyle (Vaults:5)
  A red draconian (Volcano)
  An ettin (Orc:2)
  2 merfolk javelineers (Shoals:4)
  7 merfolk impalers
  Harold (Orc:1)
  2 yaktaur captains
  A hydra (Lair:5)
  2 peacekeepers
  2 boulder beetles
  An ironbound frostheart (Vaults:2)
  2 ogre magi
  A catoblepas (Shoals:2)
  6 centaur warriors
  A merfolk avatar (Shoals:2)
  An alligator snapping turtle (Shoals:4)
  8 two-headed ogres
  An anaconda (Snake:4)
  A tengu warrior (D:15)
  3 satyrs (Shoals:4)
  6 death yaks
  2 naga sharpshooters (Snake:1)
  A deep elf knight (D:15)
  A shock serpent (Snake:4)
  A skeletal warrior (D:15)
  Nergalle (Orc:2)
  A sea snake (Shoals:4)
  3 salamander mystics
  Lodul (D:10)
  2 orange crystal statues
  A phantasmal warrior (D:15)
  2 naga ritualists (Snake:4)
  2 lindwurms (Vaults:2)
  11 harpies
  A wizard (Vaults:2)
  2 orc sorcerers
  5 orc knights
  4 mana vipers
  A necromancer (D:15)
  A cyclops (D:12)
  11 ugly things
  4 manticores
  10 fauns
  5 deep elf pyromancers
  8 salamanders
  12 black mambas
  A centaur zombie (D:15)
  2 vault sentinels (Vaults:2)
  2 torpor snails
  A naga mage (Snake:4)
  A water nymph (Shoals:4)
  3 merfolk sirens
  Joseph (D:8)
  9 cane toads
  A torpor snail (shapeshifter) (D:14)
  7 komodo dragons
  5 yaktaurs
  A freezing wraith (D:15)
  A kobold demonologist (D:10)
  A polar bear (Lair:5)
  8 merfolk
  2 trolls
  3 wind drakes
  13 blink frogs
  18 slime creatures
  6 dream sheep
  A snapping turtle (shapeshifter) (Vaults:5)
  A shadow (D:11)
  5 snapping turtles
  2 wraiths (D:15)
  A wyvern (D:8)
  20 yaks
  A water elemental (Shoals:1)
  2 hogs (Snake:4)
  3 vampire mosquitoes
  2 basilisks
  14 nagas
  A spectral cane toad (Lair:5)
  3 water moccasins
  14 orc warriors
  An ice beast (shapeshifter) (D:13)
  9 ogres
  2 great orb of eyes simulacra (IceCv)
  An elephant zombie (Lair:5)
  19 wolves
  8 centaurs
  An elephant skeleton (Lair:5)
  5 kobold brigands
  A slime creature simulacrum (IceCv)
  6 bullfrogs
  A gnoll sergeant (D:9)
  2 scorpions
  A two-headed ogre simulacrum (D:11)
  A cane toad simulacrum (Lair:5)
  2 glowing shapeshifter simulacra (IceCv)
  3 wights (D:9)
  7 killer bees
  An elephant simulacrum (Lair:5)
  2 howler monkeys
  A hound (D:7)
  2 jellies (Lair:4)
  8 orc priests
  11 orc wizards
  2 shapeshifter simulacra (IceCv)
  8 gnolls
  An adder (D:3)
  2 white imps
  A worm (D:2)
  2 dart slugs
  33 orcs
  An endoplasm (D:3)
  A giant cockroach (D:2)
  2 goblins
  A hobgoblin (D:1)
  5 jackals
  2 quokkas (D:1)
  5 ball pythons
  A bat (D:1)
  2 frilled lizards
  18 kobolds
492 creatures vanquished.

Vanquished Creatures (others)
  A nagaraja (Snake:4)
  A quicksilver ooze (IceCv)
  A minotaur (Gauntlet)
  Snorg (D:10)
  2 yaktaur captains
  2 merfolk impalers
  2 hydras
  A hell beast (Gauntlet)
  A death knight (D:15)
  2 centaur warriors (Vaults:2)
  An anaconda (Snake:2)
  2 two-headed ogres
  A satyr (Shoals:4)
  Urug (D:10)
  A sea snake (Shoals:1)
  A spectral anaconda (Lair:5)
  An ironbound convoker (Vaults:5)
  An orc sorcerer (Snake:4)
  7 ugly things
  2 manticores (Shoals:1)
  A faun (Shoals:2)
  A cyclops (D:12)
  2 elephants (Lair:5)
  2 naga magi
  Maggie (D:6)
  2 guardian serpents (Snake:4)
  A dire elephant skeleton (Lair:5)
  A komodo dragon (Lair:4)
  A kobold demonologist (D:10)
  2 yaktaurs
  A freezing wraith (D:15)
  2 merfolk (Shoals:4)
  A blink frog (Lair:5)
  7 slime creatures (IceCv)
  A snapping turtle (Shoals:4)
  A culicivora (shapeshifter) (D:15)
  A water elemental (Shoals:4)
  A wyvern (D:7)
  13 yaks
  A human (D:7)
  4 nagas
  Menkaure (D:6)
  A death yak simulacrum (Lair:5)
  4 orc warriors
  A great orb of eyes simulacrum (IceCv)
  4 ogres
  5 wolves
  A gnoll sergeant (D:10)
  8 killer bees
  An orc wizard (Snake:4)
  2 shapeshifter simulacra (IceCv)
  A gnoll (D:10)
  A bat (D:3)
  28 ball lightnings
  2 bushes (D:12)
  44 fungi
  193 plants
  8 snaplasher vines (Vaults:2)
  8 tentacles (Shoals:1)
  33 withered plants
425 creatures vanquished.

Grand Total: 1350 creatures vanquished

Notes
Turn   | Place    | Note
-------+----------+-------------------------------------------
     0 | D:1      | Zeldest the Meteoran Summoner began the quest for the Orb.
     0 | D:1      | Reached XP level 1. HP: 14/14 MP: 5/5
    27 | D:1      | Reached skill level 5 in Summonings
    33 | D:1      | Reached XP level 2. HP: 2/22 MP: 2/6
    86 | D:1      | Reached skill level 1 in Fighting
   138 | D:2      | Learned a level 2 spell: Call Imp
   162 | D:2      | Identified the +9 rapier "Xovabeif" {venom, rPois rF+ rN+}
   221 | D:1      | Reached XP level 3. HP: 28/28 MP: 2/8
   551 | D:2      | Reached skill level 1 in Short Blades
   551 | D:2      | Reached XP level 4. HP: 4/35 MP: 5/9
   600 | D:2      | Learned a level 3 spell: Call Canine Familiar
   813 | D:3      | Reached XP level 5. HP: 38/41 MP: 10/10
   938 | D:3      | Identified the +7 short sword of Diaris {freeze, rElec rC+
                  | Str+4 Stlth+}
  1001 | D:4      | Noticed an ogre
  1014 | D:4      | Killed an ogre
  1015 | D:4      | Reached XP level 6. HP: 48/50 MP: 3/12
  1154 | D:4      | Learned a level 3 spell: Summon Guardian Golem
  1218 | D:4      | You fall into a shaft and drop 1 floor!
  1218 | D:5      | Entered Level 5 of the Dungeon
  1322 | D:4      | Noticed an ogre
  1330 | D:4      | Killed an ogre
  1331 | D:4      | Reached XP level 7. HP: 57/57 MP: 9/14
  1464 | D:6      | Found a shadowy altar of Dithmenos.
  1485 | D:6      | Noticed a manticore
  1491 | D:6      | Noticed Heh's ghost (novice OpFi)
  1491 | D:6      | Noticed a two-headed ogre
  1553 | D:6      | Found a staircase to the Ecumenical Temple.
  1562 | Temple   | Entered the Ecumenical Temple
  1598 | Temple   | Became a worshipper of Cheibriados the Contemplative
  1634 | D:6      | Reached skill level 1 in Invocations
  1634 | D:6      | Reached XP level 8. HP: 66/66 MP: 11/16
  1686 | D:6      | Found a hide-covered altar of Uskayaw.
  1705 | D:6      | You fall into a shaft and drop 3 floors!
  1718 | D:9      | Reached skill level 5 in Spellcasting
  1803 | D:8      | Found a transporter.
  1806 | D:8      | Noticed hgbash's ghost (novice MiBe)
  1808 | D:8      | Found a transporter.
  1871 | D:8      | Noticed a wyvern
  1877 | D:8      | Killed a wyvern
  1894 | D:8      | Gained mutation: You passively map the area around you.
                  | [Meteoran growth]
  1894 | D:8      | Reached XP level 9. HP: 66/73 MP: 16/18
  1899 | D:8      | Reached * piety under Cheibriados
  1900 | D:8      | Reached skill level 5 in Fighting
  1928 | D:8      | Reached skill level 5 in Short Blades
  2033 | D:6      | Noticed Maggie
  2033 | D:6      | Noticed Menkaure
  2051 | D:6      | Killed Maggie
  2051 | D:6      | Killed Menkaure
  2052 | D:6      | Reached skill level 5 in Invocations
  2099 | D:6      | Found a runed translucent gate.
  2107 | D:6      | Found a runed translucent gate.
  2107 | D:6      | Found a runed translucent gate.
  2135 | D:7      | Found a transporter.
  2146 | D:7      | Found an iron altar of Okawaru.
  2187 | D:7      | Reached XP level 10. HP: 38/84 MP: 20/20
  2203 | D:7      | Found a transporter.
  2247 | D:7      | Reached ** piety under Cheibriados
  2266 | D:7      | Learned a level 4 spell: Summon Lightning Spire
  2356 | D:7      | Found Fempeqown's General Store.
  2364 | D:7      | Bought a potion of mutation for 80 gold pieces
  2391 | D:7      | Reached skill level 1 in Air Magic
  2459 | D:8      | Noticed a komodo dragon
  2464 | D:8      | Noticed a komodo dragon
  2465 | D:8      | Killed a komodo dragon
  2473 | D:8      | Killed a komodo dragon
  2524 | D:8      | Noticed Joseph
  2528 | D:8      | Killed Joseph
  2528 | D:8      | Reached *** piety under Cheibriados
  2529 | D:8      | Reached skill level 10 in Summonings
  2567 | D:8      | Found a staircase to the Lair.
  2582 | Lair:1   | Entered Level 1 of the Lair of Beasts
  2616 | Lair:1   | Reached XP level 11. HP: 93/93 MP: 14/21
  2655 | Lair:1   | Noticed a black mamba
  2660 | Lair:1   | Killed a black mamba
  2664 | Lair:1   | Reached skill level 5 in Air Magic
  2678 | Lair:1   | Noticed a catoblepas
  2691 | Lair:1   | Killed a catoblepas
  2692 | Lair:1   | Noticed an eight-headed hydra
  2715 | Lair:1   | Killed an eight-headed hydra
  2733 | Lair:1   | Reached **** piety under Cheibriados
  2748 | Lair:1   | Reached XP level 12. HP: 62/104 MP: 8/22
  2918 | Lair:2   | Reached skill level 10 in Invocations
  3000 | Lair:2   | Reached skill level 10 in Fighting
  3007 | Lair:2   | Reached skill level 10 in Short Blades
  3104 | Lair:2   | Noticed a catoblepas
  3188 | Lair:2   | Reached XP level 13. HP: 104/113 MP: 23/23
  3292 | Lair:3   | Found a gate leading to a gauntlet.
  3305 | Gauntlet | Entered a Gauntlet
  3305 | Gauntlet | Found a transporter.
  3305 | Gauntlet | Found a transporter.
  3309 | Gauntlet | Found a transporter.
  3309 | Gauntlet | Found a transporter.
  3312 | Gauntlet | Found a transporter.
  3368 | Gauntlet | Found a transporter.
  3380 | Gauntlet | Found a transporter.
  3380 | Gauntlet | Found a transporter.
  3383 | Gauntlet | Found a transporter.
  3386 | Gauntlet | Noticed a reaper
  3422 | Gauntlet | Noticed a hell beast
  3423 | Gauntlet | Noticed a four-headed hydra
  3426 | Gauntlet | Found a transporter.
  3559 | Gauntlet | Found a runed translucent door.
  3560 | Gauntlet | Found a transporter.
  3573 | Gauntlet | Killed a hell beast
  3588 | Gauntlet | Found a transporter.
  3593 | Gauntlet | Identified the +0 pair of gloves "Ziamu" {Int+6 Dex-2}
  3614 | Gauntlet | Noticed a minotaur
  3620 | Gauntlet | Killed a minotaur
  3628 | Gauntlet | Identified the ring "Cuirupt" {rF+ MP+9}
  3725 | Lair:3   | Reached skill level 5 in Dodging
  3725 | Lair:3   | Reached ***** piety under Cheibriados
  3748 | Lair:3   | You fall into a shaft and drop 2 floors!
  3748 | Lair:5   | Entered Level 5 of the Lair of Beasts
  3752 | Lair:5   | Noticed a boulder beetle
  3839 | Lair:4   | Noticed a death yak
  3839 | Lair:4   | Noticed a death yak
  3846 | Lair:4   | Noticed a death yak
  3847 | Lair:4   | Killed a death yak
  3850 | Lair:4   | Killed a death yak
  3851 | Lair:4   | Killed a death yak
  3876 | Lair:4   | Found a staircase to the Slime Pits.
  3876 | Lair:4   | Found a viscous altar of Jiyva.
  3890 | Lair:4   | Reached XP level 14. HP: 82/124 MP: 24/24
  3969 | Lair:4   | Identified the +3 quarterstaff of Quiescent Fortitude
                  | {venom, *Corrode +Blink Dex+8}
  4067 | Lair:4   | Found a dark tunnel.
  4093 | Volcano  | Entered a volcano
  4127 | Volcano  | Noticed a red draconian
  4137 | Volcano  | Killed a red draconian
  4644 | Lair:5   | Identified the +4 scale mail of Amelioration {+Blink rF+
                  | Str-3 Int+4}
  4710 | Lair:5   | Noticed a dire elephant
  4710 | Lair:5   | Noticed a dire elephant
  4723 | Lair:5   | Reached XP level 15. HP: 70/134 MP: 25/26
  4812 | Lair:5   | Reached ****** piety under Cheibriados
  5257 | D:9      | You fall into a shaft and drop 1 floor!
  5257 | D:10     | Entered Level 10 of the Dungeon
  5263 | D:10     | Found a runed translucent door.
  5349 | D:10     | Reached skill level 1 in Evocations
  5371 | D:10     | Found a runed translucent door.
  5708 | D:10     | Noticed Snorg
  5727 | D:10     | Noticed Lodul
  5731 | D:10     | Killed Snorg
  5746 | D:10     | Killed Lodul
  5867 | D:9      | Noticed Amaemon
  5881 | D:9      | Killed Amaemon
  5936 | D:10     | Noticed Urug
  5947 | D:10     | Killed Urug
  6080 | D:10     | Found a runed translucent door.
  6089 | D:10     | Found a runed translucent door.
  6218 | D:11     | Noticed ytrimaz's ghost (journeyman DsTm)
  6222 | D:11     | Found a runed translucent door.
  6242 | D:11     | Reached skill level 10 in Dodging
  6290 | D:11     | Found a frozen archway.
  6312 | IceCv    | Entered an ice cave
  6343 | IceCv    | Noticed a quicksilver ooze
  6353 | IceCv    | Killed a quicksilver ooze
  6388 | IceCv    | Noticed a quicksilver ooze
  6390 | IceCv    | Killed a quicksilver ooze
  6587 | IceCv    | Reached XP level 16. HP: 63/144 MP: 7/29
  6615 | IceCv    | Found a viscous altar of Jiyva.
  6615 | IceCv    | Noticed an azure jelly
  6619 | IceCv    | Killed an azure jelly
  6621 | IceCv    | Noticed an azure jelly
  6624 | IceCv    | Killed an azure jelly
  6642 | IceCv    | Identified the amulet of the Final Decision {Spirit *Slow
                  | Str-2 Int+7 Stlth+}
  6645 | IceCv    | Got the ring "Verajaum" {Ice Str+4}
  6818 | D:11     | Reached skill level 5 in Evocations
  7110 | D:12     | Reached skill level 1 in Armour
  7198 | D:13     | Found a gate to the Vaults.
  7444 | D:13     | Reached skill level 10 in Air Magic
  7565 | D:13     | Found a burning altar of Makhleb.
  8160 | D:11     | Found a staircase to the Orcish Mines.
  8214 | Orc:1    | Entered Level 1 of the Orcish Mines
  8215 | Orc:1    | Noticed Harold
  8224 | Orc:1    | Killed Harold
  8225 | Orc:1    | Reached skill level 5 in Armour
  8243 | Orc:2    | Entered Level 2 of the Orcish Mines
  8243 | Orc:2    | Found a staircase to the Elven Halls.
  8327 | Orc:2    | Noticed Nergalle
  8333 | Orc:2    | Killed Nergalle
  8335 | Orc:2    | Noticed an orc warlord
  8346 | Orc:2    | Killed an orc warlord
  8362 | Orc:2    | Reached XP level 17. HP: 91/154 MP: 28/30
  8377 | Orc:2    | Found Puagaavo's General Store.
  8393 | Orc:2    | Found Daofoh's Jewellery Shoppe.
  8408 | Orc:2    | Found Aliaz's Antique Weapon Shoppe.
  8424 | Orc:2    | Found Vuta's Antique Armour Shoppe.
  8432 | Orc:2    | Bought a pair of shimmering boots for 294 gold pieces
  8432 | Orc:2    | Identified the +0 pair of boots "Ryckuynai" {rElec rC-
                  | rCorr Stlth-} (You bought it in a shop on level 2 of the
                  | Orcish Mines)
  8574 | Orc:1    | You fall into a shaft and drop 1 floor!
  8881 | D:14     | Noticed Nessos
  8894 | D:14     | Killed Nessos
  9004 | D:14     | Found an ornate altar of the Wu Jian Council.
  9084 | D:15     | Entered Level 15 of the Dungeon
  9096 | D:15     | Reached skill level 15 in Fighting
  9098 | D:15     | Reached skill level 1 in Shields
  9162 | D:15     | Found a runed translucent door.
  9194 | D:15     | Noticed Nude's ghost (adept DEFE)
  9315 | D:15     | Found Tilytenk's Armour Shoppe.
  9459 | D:15     | Reached skill level 1 in Conjurations
  9488 | D:15     | Found a runed translucent door.
  9672 | D:15     | Found a staircase to the Depths.
  9943 | Lair:3   | Found a staircase to the Snake Pit.
  9959 | Snake:1  | Entered Level 1 of the Snake Pit
  9990 | Snake:1  | Learned a level 8 spell: Maxwell's Capacitive Coupling
 10021 | Snake:2  | Found Xuceurgh's General Store.
 10024 | Snake:2  | Bought a book of Storms for 544 gold pieces
 10030 | Snake:2  | Learned a level 5 spell: Lightning Bolt
 10057 | Snake:2  | Noticed a nagaraja
 10062 | Snake:2  | Killed a nagaraja
 10118 | Snake:2  | Reached skill level 5 in Shields
 10118 | Snake:2  | Gained mutation: You passively map a large area around you.
                  | [Meteoran growth]
 10118 | Snake:2  | Reached XP level 18. HP: 129/165 MP: 16/32
 10151 | Snake:4  | Entered Level 4 of the Snake Pit
 10223 | Snake:4  | Noticed Vashnia
 10323 | Snake:3  | Reached skill level 10 in Spellcasting
 10574 | Snake:4  | Reached skill level 5 in Conjurations
 10758 | Snake:4  | Noticed Saint Roka
 10766 | Snake:4  | Reached skill level 15 in Air Magic
 10770 | Snake:4  | Killed Saint Roka
 10924 | Snake:4  | Got a serpentine rune of Zot
 11073 | Lair:3   | Found a staircase to the Shoals.
 11078 | Shoals:1 | Entered Level 1 of the Shoals
 11113 | Shoals:1 | Found a gateway to a bazaar.
 11170 | Bazaar   | Entered a bazaar
 11172 | Bazaar   | Found Dyptoyh's Weapon Boutique.
 11176 | Bazaar   | Found Etuacakh's Distillery.
 11176 | Bazaar   | Found Zycoohar's General Store.
 11176 | Bazaar   | Found Viarou Eleho's Assorted Antiques.
 11201 | Bazaar   | Bought a scroll of magic mapping for 75 gold pieces
 11206 | Bazaar   | Bought a potion of heal wounds for 55 gold pieces
 11206 | Bazaar   | Bought a potion of curing for 33 gold pieces
 11337 | Shoals:1 | Noticed a kraken
 11394 | Shoals:1 | Reached XP level 19. HP: 148/174 MP: 18/35
 11414 | Shoals:1 | Noticed Hygavy's ghost (adept TrMo)
 11431 | Shoals:1 | Found a bloodstained altar of Trog.
 11438 | Shoals:1 | Found a transporter.
 11440 | Shoals:1 | Found a transporter.
 11461 | Shoals:1 | Killed Hygavy's ghost
 11477 | Shoals:1 | Learned a level 5 spell: Summon Forest
 11485 | Shoals:1 | Learned a level 7 spell: Summon Hydra
 11685 | Shoals:2 | Noticed Polyphemus
 11704 | Shoals:2 | Killed Polyphemus
 11746 | Shoals:4 | Entered Level 4 of the Shoals
 11851 | Shoals:4 | Found an iron altar of Okawaru.
 11934 | Shoals:4 | Got a barnacled rune of Zot
 11984 | Shoals:4 | Reached skill level 1 in Translocations
 12027 | Shoals:1 | Learned a level 2 spell: Blink
 12273 | Vaults:1 | Entered Level 1 of the Vaults
 12307 | Vaults:1 | Reached skill level 15 in Invocations
 12380 | Vaults:1 | Reached skill level 1 in Transmutations
 12380 | Vaults:1 | Reached skill level 1 in Poison Magic
 12477 | Vaults:2 | Reached XP level 20. HP: 90/184 MP: 24/36
 12522 | Vaults:2 | Found a transporter.
 12522 | Vaults:2 | Noticed howech's ghost (veteran MiGl)
 12522 | Vaults:2 | Noticed a lich
 12571 | Vaults:2 | Found a transporter.
 12594 | Vaults:2 | Noticed a bone dragon
 12623 | Vaults:2 | Killed a bone dragon
 12776 | Vaults:2 | Found Egiluw's Antique Weapon Shop.
 12864 | Vaults:2 | Reached skill level 5 in Transmutations
 12864 | Vaults:2 | Reached skill level 5 in Poison Magic
 12878 | Vaults:2 | Learned a level 6 spell: Conjure Ball Lightning
 13014 | Vaults:4 | Learned a level 6 spell: Eringya's Noxious Bog
 13235 | Vaults:4 | Noticed a Brimstone Fiend
 13254 | Vaults:4 | Noticed an ancient lich
 13453 | Vaults:4 | Reached XP level 21. HP: 134/191 MP: 38/38
 13471 | Vaults:5 | Entered Level 5 of the Vaults
 13477 | Vaults:5 | Reached skill level 10 in Armour
 13477 | Vaults:5 | Reached XP level 22. HP: 115/199 MP: 27/39
 13478 | Vaults:5 | Noticed a golden dragon
 13485 | Vaults:5 | Noticed Jory
 13596 | Vaults:5 | Noticed a dread lich
 13601 | Vaults:5 | Killed a golden dragon
 13605 | Vaults:5 | Killed a dread lich
 13617 | Vaults:5 | Reached skill level 10 in Transmutations
 13629 | Vaults:5 | Reached skill level 10 in Poison Magic
 13675 | Vaults:5 | Identified the +8 trident "Ureesk" {flame, Fly}
 13700 | Vaults:5 | Identified the +7 morningstar "Ogreslayer" {freeze, Will+
                  | Dex+4 SInv}
 13703 | Vaults:5 | Identified the +9 great sword of Okawaru's Whim {flame,
                  | rElec}
 13715 | Vaults:5 | HP: 1/200 [fire giant/+2 great sword of flaming (16)]
 13715 | Vaults:5 | Slain by a fire giant

Illustrated notes

Levels and vault maps discovered:
D:1:      tarquinn_simple_flora_water_e, layout_rooms,
          ebering_ecumenical_altar_ruins
D:2:      layout_loops_ring, serial_shops, nicolae_shop_crystal,
          dk_noncrumbling_4
D:3:      layout_loops_ring, chequers_serial_rivers_micro_d
D:4:      layout_basic
D:5:      layout_loops_ring, minmay_misc_feat_plants
D:6:      layout_gridville, grunt_dithmenos_smoke,
          lemuel_coloured_pillars_altar, minmay_temple_entry_grid,
          gammafunk_ghost_split, grunt_ministairs_9, uniq_eustachio,
          uniq_menkaure, uniq_maggie
D:7:      gammafunk_steamed_eel, layout_gridville, okawaru_humans, serial_shops,
          shop
D:8:      layout_rooms, grunt_lair_entry_orc_guard_hut, gammafunk_ghost_hive,
          uniq_joseph
D:9:      layout_layer_cave, nzn_sisyphean_effort, uniq_amaemon
D:10:     nicolae_whirlpool, layout_loops_ring, minivault_16,
          minmay_statue_crystal_thing, uniq_snorg, uniq_lodul, uniq_urug
D:11:     layout_irregular_city, erik_orc_1,
          portal_ice_cave_entry_ice_simulacra, hellmonk_ghost_happy_afterlife,
          wad_floor_pattern_2
D:12:     layout_irregular_city, dreamdust_princess_bridge
D:13:     layout_roguey, david_vaults_2, demons_altar
D:14:     layout_roguey, nicolae_wu_jian_immortal_techniques, uniq_nessos
D:15:     grunt_enter_depths_magical_seal, layout_basic,
          ebering_ghost_reflecting_pool, chequers_serial_rivers_micro_a,
          serial_shops, nicolae_shop_behind_doors, lightli_airlock
Temple:   nicolae_temple_bog_church
Lair:1:   layout_hall_layers, nicolae_lair_lil_pond
Lair:2:   layout_layer_cave
Lair:3:   nzn_winding_woodlands_small [nzn_winding_woodlands_5x15_zeroes,
          nzn_winding_woodlands_center_triple_pond,
          nzn_winding_woodlands_5x15_sidewinder], layout_concentric_octagons,
          elwin_shoals_entry_rooms, guppyfry_snake_entry_garden,
          gauntlet_entry_generic
Lair:4:   layout_regular_city, minmay_slime_entry_pillars,
          nicolae_volcano_entry_lava_flow, serial_bayou_shore_b
Lair:5:   due_jungle_book, layout_loops_ring, patterned_corridor,
          infiniplex_staircase_pool_2
Shoals:1: layout_shoals, gammafunk_ghost_wrathful_warriors, serial_shops,
          bzr_entry_dummy, nicolae_shoals_spectral_cove
Shoals:2: layout_shoals, nicolae_shoals_stone_sculpture_thing,
          nicolae_shoals_water_elemental_grotto, uniq_polyphemus
Shoals:3: layout_shoals, uniq_ilsuiw
Shoals:4: shoals_end_grunt_garden, layout_shoals, lemuel_centaur_altar
Snake:1:  layout_misc_corridors, basic_altar, serial_shops, statue_bzr,
          uniq_aizul
Snake:2:  layout_rooms, serial_shops, nicolae_shop_behind_doors, st_stairs_13,
          nicolae_snake_storage_room, grunt_megastairs_1
Snake:3:  layout_layer_cave, st_stairs_12
Snake:4:  johnstein_snake_rune_scales, layout_cave_town, uniq_vashnia,
          uniq_saint_roka, uniq_kirke
Orc:1:    layout_caves, uniq_harold
Orc:2:    grunt_orc_cross, layout_diamond_mine, basic_altar,
          nicolae_orc_lost_temple
Vaults:1: hellmonk_guarded_unrand_gong, v_pattern_2, v_misc_14, v_misc_11,
          nicolae_vaults_circle_grid_a, ontoclasm_vaults_chip,
          vaults_room_semicircle, vaults_room_pools, grunt_vaults_funnel,
          grunt_vaults_twisty, nicolae_vaults_network_square,
          layout_vaults_omnigrid
Vaults:2: gammafunk_ghost_mausoleum, minmay_crypt_entry_nasty_monster,
          nicolae_vaults_bisected_inception, nicolae_vaults_shelves_hall,
          v_rooms_2, st_diamondy, vaults_room_fancy_cross, vaults_mumra_lcd,
          hangedman_vaults_stream, vaults_mumra_hexcomb, hangedman_vaults_hat,
          vaults_room_pool, nicolae_vaults_little_squares_3,
          hangedman_vaults_slice, layout_vaults_ring, serial_shops,
          nicolae_square_shop
Vaults:3: nicolae_vaults_bisected_slash, vaults_room_grid, v_misc_16,
          ontoclasm_vaults_gallery, hangedman_vaults_capsules,
          nicolae_vaults_theta, nicolae_vaults_little_squares_5,
          ontoclasm_vaults_spin, v_misc_26, hangedman_vaults_snaps,
          hangedman_vaults_maws, layout_vaults_chaotic_city, serial_shops,
          nicolae_diamond_shop
Vaults:4: v_misc_5, ontoclasm_vaults_ring_square, v_misc_9,
          minmay_guarded_unrand_secular_launcher, ontoclasm_vaults_fault,
          ontoclasm_vaults_eye, hangedman_vaults_nails,
          layout_vaults_maze_snakey
Vaults:5: uniq_jory

Skill      XL: |  1  2  3  4  5  6  7  8  9 10 11 12 13 14 15 16 17 18 19 20 21 22 |
---------------+-------------------------------------------------------------------+-----
Summonings     | 5 6 7 9 10 11 12 13 | 13.8
Fighting       | 1 2 3 4 6 7 9 10 11 12 13 14 15 16 17 | 17.4
Short Blades   | 1 2 3 4 6 7 8 10 11 12 13 14 | 14.0
Spellcasting   | 3 4 5 6 8 9 11 12 | 12.0
Invocations    | 1 3 5 7 9 11 12 14 15 | 15.0
Air Magic      | 4 6 7 8 9 11 13 15 17 | 17.4
Dodging        | 6 8 10 | 10.3
Evocations     | 4 5 |  5.0
Armour         | 5 6 7 9 10 | 10.3
Shields        | 5 |  5.0
Conjurations   | 3 6 7 8 |  8.0
Translocations | 1 3 |  3.6
Transmutations | 2 7 9 10 | 10.0
Poison Magic   | 2 7 9 10 | 10.0
Stealth        | |  1.4

Action                   |  1- 3 |  4- 6 |  7- 9 | 10-12 | 13-15 | 16-18 | 19-21 | 22-24 || total
-------------------------+-------+-------+-------+-------+-------+-------+-------+-------++-------
Melee: Unarmed           |    11 |       |       |       |       |       |       |       ||    11
       Short sword       |     7 |       |       |       |       |       |       |       ||     7
       Rapier            |    25 |    30 |    91 |    97 |   337 |   515 |   169 |    77 ||  1341
       Punch             |     1 |       |     2 |     2 |     8 |    16 |     1 |     3 ||    33
 Cast: Summon Small Mamm |    23 |     4 |     2 |       |     3 |       |       |       ||    32
       Call Imp          |     4 |     9 |     6 |     1 |       |       |       |       ||    20
       Call Canine Famil |       |     9 |    14 |    20 |    80 |    85 |    27 |     2 ||   237
       Summon Guardian G |       |       |     5 |    19 |    65 |    82 |    25 |       ||   196
       Summon Lightning  |       |       |       |    20 |    58 |    89 |    27 |       ||   194
       Lightning Bolt    |       |       |       |       |       |    14 |    12 |     6 ||    32
       Maxwell's Capacit |       |       |       |       |       |     5 |     4 |     5 ||    14
       Summon Hydra      |       |       |       |       |       |       |    22 |       ||    22
       Summon Forest     |       |       |       |       |       |       |    13 |     1 ||    14
       Eringya's Noxious |       |       |       |       |       |       |     8 |     1 ||     9
       Conjure Ball Ligh |       |       |       |       |       |       |     6 |     4 ||    10
       Blink             |       |       |       |       |       |       |       |     1 ||     1
Invok: Slouch            |       |       |       |     3 |     3 |     1 |     4 |       ||    11
       Step From Time    |       |       |       |       |       |       |     1 |     4 ||     5
       Temporal Distorti |       |       |       |       |       |       |     1 |       ||     1
 Abil: Evoke Blink       |       |       |       |       |     1 |       |       |       ||     1
Evoke: Box of beasts     |       |       |       |       |     1 |     2 |     2 |     1 ||     6
       Wand              |       |       |       |       |     1 |     6 |     3 |     2 ||    12
       Phantom mirror    |       |       |       |       |       |     2 |       |     1 ||     3
  Use: Scroll            |       |       |     4 |     6 |    24 |     7 |     6 |    11 ||    58
       Potion            |       |       |       |     3 |     3 |     5 |    12 |     7 ||    30
 Stab: Distracted        |     1 |     1 |       |     4 |     8 |     9 |     7 |       ||    30
       Sleeping          |       |     1 |       |       |     1 |       |       |       ||     2
       Petrified         |       |       |       |     1 |       |       |     2 |       ||     3
       Petrifying        |       |       |       |       |       |       |     3 |       ||     3
Armor: Robe              |    43 |    10 |    27 |       |       |       |       |       ||    80
       Steam dragon scal |       |       |     2 |    38 |    42 |       |       |       ||    82
       Skin              |       |       |       |       |    42 |       |       |       ||    42
       Scale mail        |       |       |       |       |    94 |   220 |   104 |    18 ||   436
       Pearl dragon scal |       |       |       |       |       |       |       |    22 ||    22
Dodge: Dodged            |    82 |    24 |    51 |   101 |   499 |   622 |   349 |    94 ||  1822

Table legend: (Time is in decaauts)
 A = Elapsed time spent in this place.
 B = Non-inter-level travel time spent in this place.
 C = Inter-level travel time spent in this place.
 D = Time resting spent in this place.
 E = Time spent auto-exploring this place.
 F = Levels seen in this place.
 G = Mean time per level.
                   A        B        C        D        E       F      G
               +--------+--------+--------+--------+--------+-----+--------+
         Total |  21390 |  19428 |   1962 |    138 |      0 |  40 |  534.8 |
       Dungeon |   9786 |   8663 |   1123 |      0 |      0 |  15 |  652.4 |
        Temple |     55 |     46 |      9 |      0 |      0 |   1 |   55.0 |
          Lair |   3688 |   3028 |    660 |     38 |      0 |   5 |  737.6 |
        Shoals |   1536 |   1457 |     79 |      0 |      0 |   4 |  384.0 |
     Snake Pit |   1658 |   1569 |     89 |      0 |      0 |   4 |  414.5 |
  Orcish Mines |    802 |    802 |      0 |      0 |      0 |   2 |  401.0 |
        Vaults |   2342 |   2342 |      0 |      0 |      0 |   5 |  468.4 |
        Bazaar |     79 |     79 |      0 |      0 |      0 |   1 |   79.0 |
      Ice Cave |    694 |    694 |      0 |      0 |      0 |   1 |  694.0 |
       Volcano |    267 |    267 |      0 |      0 |      0 |   1 |  267.0 |
      Gauntlet |    479 |    479 |      0 |    100 |      0 |   1 |  479.0 |
               +--------+--------+--------+--------+--------+-----+--------+

Top non-repeatable levels by time:
    D:12: 1212 daAuts
    D:10: 1153 daAuts
    D:15: 1124 daAuts
    D:13: 1057 daAuts
    D:11: 918 daAuts
  Lair:4: 905 daAuts
  Lair:5: 900 daAuts
Vaults:4: 878 daAuts
     D:9: 833 daAuts
 Snake:4: 828 daAuts
Vaults:2: 809 daAuts
Shoals:1: 784 daAuts
   IceCv: 694 daAuts
  Lair:2: 693 daAuts
  Lair:3: 650 daAuts
